 Dungeon Crawl Stone Soup version 0.20-a0-259-gc929cd2 (webtiles) character file.

17 provincialny the Magician (level 2, -7/19 HPs)
             Began as a Mummy Wizard on Dec 3, 2016.
             Mangled by a gnoll
             ... wielding a +0 club
              (8 damage)
             ... on level 1 of the Dungeon.
             The game lasted 00:06:11 (760 turns).

provincialny the Magician (Mummy Wizard)             Turns: 760, Time: 00:06:12

Health: -7/19      AC:  2    Str: 10    XL:     2   Next: 44%
Magic:  1/6        EV: 12    Int: 17    God:
Gold:   17         SH:  0    Dex: 10    Spells: 5/8 levels left

rFire  x . .     SeeInvis .     f - +0 mace
rCold  + . .     Gourm    .     a - +0 robe
rNeg   + + +     Faith    .     (no shield)
rPois  ∞         Spirit   .     b - +0 hat
rElec  .         Reflect  .     (no cloak)
rCorr  .         Harm     .     (no gloves)
MR     .....                    (no boots)
Stlth  ++........               (no amulet)
                                (no ring)
                                (no ring)

@: repel missiles
A: no food or potions, fire vulnerability, cold resistance 1, negative energy
resistance 3, torment resistance, unbreathing
a: no special abilities


You were on level 1 of the Dungeon.
You were not hungry.

You visited 1 branch of the dungeon, and saw 1 of its levels.

You collected 17 gold pieces.


Innate Abilities, Weirdness & Mutations

You do not eat or drink.
Your flesh is vulnerable to fire.
You are immune to poison.
Your flesh is cold resistant. (rC+)
You are immune to negative energy. (rN+++)
You are immune to unholy pain and torment.
You can survive without breathing.


   Skills:
 + Level 1.6 Dodging
 + Level 1.7 Stealth
 + Level 3.6 Spellcasting
 + Level 0.7 Conjurations
   Level 0.7 Summonings
   Level 0.7 Translocations


You had 5 spell levels left.
You knew the following spells:

 Your Spells              Type           Power        Failure   Level  Hunger
a - Magic Dart            Conj           #...         14%         1    N/A
A - Repel Missiles        Chrm/Air       #.....       30%         2    N/A

Inventory:

Hand Weapons
 f - a +0 mace (weapon)
 g - a +0 hunting sling
Missiles
 d - 20 stones (quivered)
Armour
 a - a +0 robe (worn)
 b - a +0 hat (worn)
Scrolls
 e - 2 scrolls of teleportation {unknown}
Books
 c - a book of Minor Magic

   Spells                             Type                      Level
   a - Magic Dart                     Conjuration                  1
   b - Blink                          Translocation                2
   c - Call Imp                       Summoning                    2
   d - Repel Missiles                 Charms/Air                   2
   e - Slow                           Hexes                        2
   f - Conjure Flame                  Conjuration/Fire             3
   g - Mephitic Cloud                 Conjuration/Poison/Air       3

Dungeon Overview and Level Annotations

Branches:
Dungeon (1/15)

Altars:

##### ##############
#.... #...@g.......#
#.###
#.##########.####.###
#.#...######......... #
#.#............).....
..###.......##..#####.#..
...........##..# #......
...........##..###.###.#
####....####..........#
#....# ##.###.###.#


You could see a gnoll.


Message History

The magic dart hits the gnoll.
The gnoll is moderately wounded.
The gnoll hits you with a club.
Aiming: Magic Dart
Aim: a gnoll, wielding a club (moderately wounded)
The magic dart hits the gnoll.
The gnoll is moderately wounded.
The gnoll hits you with a club.
* * * LOW HITPOINT WARNING * * *
You don't have enough magic to cast that spell.
You don't have enough magic to cast that spell.
You hit the gnoll.
The gnoll is severely wounded.
The gnoll misses you.
You hit the gnoll but do no damage.
The gnoll is severely wounded.
The gnoll hits you with a club.
* * * LOW HITPOINT WARNING * * *
The gnoll closely misses you.
You barely miss the gnoll.
The gnoll is severely wounded.
The gnoll completely misses you.
You hit the gnoll but do no damage.
The gnoll is severely wounded.
The gnoll hits you with a club.
* * * LOW HITPOINT WARNING * * *
You hit the gnoll.
The gnoll is severely wounded.
The gnoll hits you with a club!
You die...

Action                   || total
-------------------------++-------
Melee: Mace              ||    22
       Unarmed           ||     5
 Cast: Magic Dart        ||    37
       Repel Missiles    ||     1
Armor: Robe              ||     8
Dodge: Dodged            ||    24

Vault maps used:
D:1:      scummos_arrival_star, minmay_misc_feat_secret_circle

Notes
Turn   | Place    | Note
-------+----------+-------------------------------------------
     0 | D:1      | provincialny the Mummy Wizard began the quest for the Orb.
     0 | D:1      | Reached XP level 1. HP: 13/13 MP: 4/4
   330 | D:1      | Reached XP level 2. HP: 12/19 MP: 1/6
   477 | D:1      | Learned a level 2 spell: Repel Missiles
   759 | D:1      | HP: 1/19 [gnoll/club (3)]
   760 | D:1      | Mangled by a gnoll

Vanquished Creatures
  A goblin (D:1)
  A hobgoblin (D:1)
  6 jackals (D:1)
  3 kobolds (D:1)
  A ball python (D:1)
  3 rats (D:1)
15 creatures vanquished.
